 Dungeon Crawl Stone Soup version 0.19.4-8-ga85b6b9 (webtiles) character file.

95 Haldmier the Slasher (level 4, 0/29 HPs)
             Began as a High Elf Skald on Feb 12, 2017.
             Slain by Sigmund
             ... wielding a +6 scythe of protection
              (6 damage)
             ... on level 3 of the Dungeon.
             The game lasted 00:10:25 (3547 turns).

Haldmier the Slasher (High Elf Skald)               Turns: 3547, Time: 00:10:26

Health: 0/29       AC:  3    Str: 12    XL:     4   Next: 40%
Magic:  3/8        EV: 11    Int: 16    God:
Gold:   217        SH:  0    Dex: 14    Spells: 3 memorised, 1 level left

rFire  . . .     SeeInvis .     a - +0 falchion
rCold  . . .     Gourm    .     b - +0 leather armour
rNeg   . . .     Faith    .     (no shield)
rPois  .         Spirit   .     (no helmet)
rElec  .         Reflect  .     (no cloak)
rCorr  .         Harm     .     (no gloves)
MR     .....                    (no boots)
Stlth  +.........               (no amulet)
                                (no ring)
                                (no ring)

@: very slightly contaminated
A: no striking features
a: no special abilities


You were on level 3 of the Dungeon.
You were hungry.

You visited 1 branch of the dungeon, and saw 3 of its levels.

You collected 217 gold pieces.

Inventory:

Hand Weapons
 a - a +0 falchion (weapon)
Missiles
 g - 88 stones (quivered)
 u - 8 tomahawks
Armour
 b - a +0 leather armour (worn)
 k - a +0 ring mail
Jewellery
 r - an uncursed ring of poison resistance {unknown}
 s - an uncursed ring of wizardry {unknown}
Scrolls
 e - 3 scrolls of amnesia {unknown}
 i - a scroll of teleportation {unknown}
 n - a scroll of enchant weapon {unknown}
 p - a scroll of magic mapping {unknown}
 q - 2 scrolls of immolation {unknown}
 w - a scroll of identify {unknown}
Potions
 h - a potion of invisibility {unknown}
 j - a potion of magic {unknown}
 o - a potion of might {unknown}
 t - 2 potions of agility
 v - a potion of curing {unknown}
Books
 c - a book of Battle

   Spells                             Type                      Level
   a - Infusion                       Charms                       1
   b - Shroud of Golubria             Charms/Translocation         2
   c - Song of Slaying                Charms                       2
   d - Spectral Weapon                Hexes/Charms                 3
   e - Regeneration                   Charms/Necromancy            3
Comestibles
 d - 3 bread rations
 f - a beef jerky
 l - 2 meat rations
 m - 8 chunks of flesh


   Skills:
 - Level 2.0 Fighting
 + Level 4.8 Long Blades
 - Level 0.8 Armour
 - Level 1.1 Dodging
 - Level 2.4 Spellcasting
 * Level 1.6 Hexes
 - Level 3.6 Charms
 + Level 1.3 Translocations


You had one spell level left.
You knew the following spells:

 Your Spells              Type           Power        Failure   Level  Hunger
a - Infusion              Chrm           ##..         8%          1    #......
b - Shroud of Golubria    Chrm/Tloc      #.........   14%         2    ###....
c - Spectral Weapon       Hex/Chrm       ##......     28%         3    ###....


Dungeon Overview and Level Annotations

Branches:
Dungeon (3/15)

Altars:
Makhleb
Yredelemnul

Annotations:
D:3 Sigmund


Message History

Sigmund hits you with a scythe of protection!
* * * LOW HITPOINT WARNING * * *
You take 9 damage, and have 5/29 hp.
MASSIVE DAMAGE!!
You barely miss Sigmund.
Your spectral weapon closely misses Sigmund.
Sigmund closely misses you.
You closely miss Sigmund.
Your spectral weapon hits Sigmund but does no damage.
You strike the helpless Sigmund from behind!
You hit Sigmund but do no damage.
Your spectral weapon hits Sigmund.
Sigmund hits you but does no damage.
You hit Sigmund.
Sigmund is moderately wounded.
Your spectral weapon hits Sigmund.
Sigmund drinks a potion.
Sigmund suddenly seems more agile.
You hit Sigmund.
Sigmund is heavily wounded.
Your spectral weapon completely misses Sigmund.
Sigmund hits you with a scythe of protection.
You die...

...######..)......# #.#
#.##### #####.#########.#####
......# ##+# #........#
#.###.# ##...# #.##.###.#
#.###.# ##.....## #.##.###.#
#.#.#.# #.......###.##...#.#
#.....###.........##.#......#
........'.........'.........#
#.)...###.......@(##.#......#
#.#.#.# #......@###........#
......# ##.....## #####.####
........ ##...# #.#
.###.###.# ##.. #.# .# .# #
#.. #.# . .# #. #.# . .. ..
#)# ..#


You could see Sigmund and a friendly spectral falchion.

Vanquished Creatures
  3 adders (D:3)
  A worm (D:3)
  A leopard gecko (D:1)
  An orc (D:3)
  5 giant cockroaches
  12 goblins
  5 hobgoblins
  6 jackals
  A quokka (D:3)
  10 bats
  2 frilled lizards
  7 kobolds
  5 rats
  A spectral orc (D:3)
60 creatures vanquished.

Notes
Turn   | Place    | Note
-------+----------+-------------------------------------------
     0 | D:1      | Haldmier the High Elf Skald began the quest for the Orb.
     0 | D:1      | Reached XP level 1. HP: 14/14 MP: 4/4
   509 | D:1      | Reached skill level 3 in Long Blades
   514 | D:1      | Reached XP level 2. HP: 18/19 MP: 0/6
   741 | D:1      | Learned a level 2 spell: Shroud of Golubria
   838 | D:1      | Reached skill level 4 in Long Blades
  1097 | D:1      | Reached XP level 3. HP: 24/24 MP: 7/7
  1266 | D:1      | Learned a level 3 spell: Spectral Weapon
  1529 | D:2      | Found a burning altar of Makhleb.
  1977 | D:3      | HP: 1/24 [bat (1)]
  2652 | D:3      | Reached skill level 1 in Hexes
  2888 | D:3      | Reached skill level 1 in Translocations
  2888 | D:3      | Reached XP level 4. HP: 14/29 MP: 1/8
  3167 | D:3      | Found a basalt altar of Yredelemnul.
  3502 | D:3      | Noticed Sigmund
  3547 | D:3      | Slain by Sigmund

Skill      XL: |  1  2  3 |
---------------+----------+-----
Long Blades    | 3 4 |  4.8
Hexes          | 1 |  1.6
Translocations | 1 |  1.3
Fighting       | |  2.0
Armour         | |  0.8
Dodging        | |  1.1
Spellcasting   | |  2.4
Charms         | |  3.6

Action                   |  1- 3 |  4- 6 || total
-------------------------+-------+-------++-------
Melee: Falchion          |   141 |    37 ||   178
Throw: Stone             |     4 |       ||     4
 Cast: Infusion          |    19 |     2 ||    21
       Shroud of Golubri |     2 |     3 ||     5
       Spectral Weapon   |       |     2 ||     2
 Stab: Distracted        |       |     1 ||     1
       Sleeping          |       |     1 ||     1
  Eat: Chunk             |     7 |     2 ||     9
Armor: Leather armour    |    47 |     3 ||    50
Dodge: Dodged            |    91 |    24 ||   115
       Rpst.: Falchion   |    18 |     7 ||    25
